 Dungeon Crawl Stone Soup version 0.31.0-9-g3a7656b989 (webtiles) character file.

Game seed: 14666773478626772976

1262 qw the Skirmisher (level 8, -2/45 HPs)
             Began as a Deep Elf Hunter on Feb 2, 2024.
             Was a Believer of Okawaru.
             Slain by a wight
             ... wielding a +0 mace
              (5 damage)
             ... on level 6 of the Dungeon.
             The game lasted 00:00:17 (4732 turns).

qw the Skirmisher (Deep Elf Hunter)                 Turns: 4732, Time: 00:00:18

Health: -2/45      AC:  6    Str: 10    XL:     8   Next: 27%
Magic:  12/13      EV: 11    Int: 15    God:    Okawaru [**....]
Gold:   200        SH:  0    Dex: 18    Spells: 7/7 levels left

rFire   . . .        a - +1 shortbow (heavy)
rCold   . . .        (shield currently unavailable)
rNeg    . . .        e - +0 ring mail
rPois   .            (no helmet)
rElec   .            (no cloak)
rCorr   .            b - +0 pair of gloves
SInv    .            (no boots)
Will    .....        (no amulet)
Stlth   +            (no ring)
HPRegen 0.27/turn    (no ring)
MPRegen 0.13/turn

%: no passive effects
@: no status effects
A: no striking features
a: Renounce Religion, Heroism


You were on level 6 of the Dungeon.
You worshipped Okawaru.
Okawaru was pleased with you.
You visited 2 branches of the dungeon, and saw 7 of its levels.

You collected 200 gold pieces.


   Skills:
 - Level 2.6 Fighting
 + Level 11.9 Ranged Weapons
 - Level 1.1 Armour
 - Level 3.7 Dodging
 - Level 1.2 Stealth
 - Level 4.1 Invocations


You had 7 spell levels left.
You didn't know any spells.
Your spell library was empty.

Inventory:

Hand Weapons
 a - a +1 heavy shortbow (weapon)
Armour
 b - a +0 pair of gloves (worn)
 e - a +0 ring mail (worn)
Jewellery
 f - a ring of fire
Wands
 h - a wand of mindburst (5)
 i - a wand of flame (22)
Scrolls
 g - a scroll of enchant armour {unknown}
Potions
 d - 5 potions of curing
 j - a potion of haste {unknown}
 k - 3 potions of enlightenment

Dungeon Overview and Level Annotations

Branches:
Dungeon (6/15)             Temple (1/1) D:4

Altars:
Ashenzari
Cheibriados
Dithmenos
Fedhas
Gozag
Kikubaaqudgha
Makhleb
Nemelex Xobeh
Okawaru
Qazlal
Sif Muna
Trog
Uskayaw
Vehumet
Wu Jian
Xom
Yredelemnul
Zin
The Shining One

Annotations:
D:1 1 transporter
D:3 2 transporters, qw's ghost, amateur SpHu


Message History

4724 ||| RETREEEEATING.
Enter note:
Enter note:
4725 ||| RETREEEEATING.
The water moccasin attacks as it pursues you!
The water moccasin bites you. x2
You are poisoned.
The water moccasin poisons you!
You shoot an arrow. The arrow hits the water moccasin.
The water moccasin is lightly wounded.
You feel very sick. The water moccasin bites you. x2
You shoot an arrow. The arrow hits the water moccasin!
The water moccasin is heavily wounded.
You feel very sick.
The water moccasin bites you but does no damage.
The water moccasin barely misses you.
You shoot an arrow.
The arrow hits the water moccasin but does no damage.
The water moccasin is heavily wounded.
You feel very sick. The water moccasin closely misses you.
You shoot an arrow. The arrow hits the water moccasin!
You kill the water moccasin!
Okawaru accepts your kill.
You feel sick.
Your Invocations skill increases to level 4!
You shoot an arrow.
The arrow hits the wight but does no damage.
You feel sick. The wight barely misses you. The wight hits you with a +0 mace!
You shoot an arrow. The arrow hits the wight!
The wight is severely damaged.
You feel sick. The wight hits you with a +0 mace.
You shoot an arrow. The arrow hits the wight!
You destroy the wight!
Okawaru accepts your kill.
You feel sick.
You are no longer poisoned.
The wight hits you with a +0 mace.
You die...

.......................# #
#####.......##.....###.##########
#............................
#..####.##.....###.#...###.##
#..............# #.#...# #.##
#..####.####.### #.#...# #...
#..# #.####.#####.#...# #### #..#
#............#...## #..#
######@#######..... #..#
#z#######..### #..# #...z......#
#####..## #.%........# ........#
########..## #####...# ).#
#####...# ..# ........# z.#
.###.#.## S.#


You could see a wight.

Vanquished Creatures
  Edmund (D:4)
  A water moccasin (D:6)
  2 black bears
  An ice beast (D:5)
  An ogre (D:6)
  3 phantoms
  A scorpion (D:5)
  2 wights (D:6)
  A gnoll bouda (D:5)
  A hound (D:5)
  A sleepcap (D:5)
  2 iguanas
  A mummy (D:4)
  8 adders
  5 gnolls (D:5)
  A white imp (D:5)
  A ribbon worm (D:2)
  A dart slug (D:1)
  3 orcs
  6 endoplasms
  2 giant cockroaches (D:4)
  4 goblins
  3 hobgoblins
  10 jackals
  4 kobolds
  3 quokkas
  4 ball pythons
  A bat (D:3)
  A frilled lizard (D:2)
  A rat (D:2)
76 creatures vanquished.

Notes
Turn   | Place    | Note
-------+----------+-------------------------------------------
     0 | D:1      | qw the Deep Elf Hunter began the quest for the Orb.
     0 | D:1      | Reached XP level 1. HP: 12/12 MP: 3/3
     0 | D:1      | 0 ||| qw: Version: 0.3-a-155-g5e7d8dd
     0 | D:1      | 0 ||| qw: Game counter: 1469
     0 | D:1      | 0 ||| qw: Melee chars always use a shield: true
     0 | D:1      | 0 ||| qw: God list: Okawaru
     0 | D:1      | 0 ||| qw: Allow faded altars: false
     0 | D:1      | 0 ||| qw: Do Orc after clearing Dungeon:15 true
     0 | D:1      | 0 ||| qw: Do second Lair branch before Depths: true
     0 | D:1      | 0 ||| qw: Lair rune preference: random
     0 | D:1      | 0 ||| qw: Goals: Normal
     0 | D:1      | 0 ||| PLANNING D:1-11
   168 | D:1      | Reached XP level 2. HP: 16/16 MP: 4/4
   176 | D:1      | Reached skill level 6 in Ranged Weapons
   427 | D:1      | 427 ||| READING scroll labelled ACHAUTUI ZIOMU.
   428 | D:1      | 428 ||| READING scroll labelled YNUKUKK DUKA.
   428 | D:1      | 428 ||| IDENTIFYING grey potion
   429 | D:1      | 429 ||| READING scroll labelled DIOTSOAVANY.
   430 | D:1      | 430 ||| READING scroll labelled PITUADADIS.
   431 | D:1      | 431 ||| READING scroll labelled IPLOXE MOMUOTT.
   532 | D:1      | 532 ||| DROPPING scroll of butterflies.
   585 | D:2      | Reached XP level 3. HP: 8/20 MP: 5/5
   588 | D:2      | HP: 5/20 [poisoned by an adder]
   792 | D:2      | Reached skill level 7 in Ranged Weapons
   883 | D:2      | HP: 5/20 [poisoned by an adder]
   883 | D:2      | HP: 2/20 [adder (3)]
   884 | D:2      | 884 ||| DRINKING potion of heal wounds.
  1120 | D:2      | 1120 ||| UPGRADING to +0 pair of gloves.
  1125 | D:2      | 1125 ||| UPGRADING to +0 ring mail.
  1135 | D:2      | 1135 ||| DROPPING +0 leather armour.
  1136 | D:2      | 1136 ||| READING scroll of identify.
  1136 | D:2      | 1136 ||| IDENTIFYING viscous emerald potion
  1137 | D:2      | 1137 ||| READING scroll labelled BIKOISMA JOFRO.
  1138 | D:2      | 1138 ||| READING scroll labelled UTUUTU JIMOY.
  1138 | D:2      | 1138 ||| BRANDING +0 shortbow.
  1139 | D:2      | 1139 ||| DRINKING 3 fuming white potions.
  1140 | D:2      | 1140 ||| DROPPING potion of attraction.
  1267 | D:3      | Noticed qw's ghost (amateur SpHu)
  1288 | D:3      | Reached XP level 4. HP: 17/25 MP: 6/6
  1327 | D:3      | Found a transporter.
  1480 | D:3      | Found a transporter.
  1538 | D:3      | Found a shimmering blue altar of Sif Muna.
  1847 | D:3      | 1847 ||| READING 3 scrolls of identify.
  1847 | D:3      | 1847 ||| IDENTIFYING yellow potion
  1848 | D:3      | 1848 ||| READING 2 scrolls of identify.
  1848 | D:3      | 1848 ||| IDENTIFYING scroll labelled SURYHUYGUSIMI
  1849 | D:3      | 1849 ||| READING scroll of enchant weapon.
  1849 | D:3      | 1849 ||| ENCHANTING +0 heavy shortbow.
  1850 | D:3      | 1850 ||| READING scroll of identify.
  1850 | D:3      | 1850 ||| IDENTIFYING scroll labelled RONUWN GOIN
  1851 | D:3      | 1851 ||| READING 2 scrolls labelled DOKLEM ERHIMI.
  1952 | D:3      | 1952 ||| READING scroll labelled JOADEU GIREOWA.
  1953 | D:3      | 1953 ||| DROPPING scroll of vulnerability.
  1954 | D:3      | 1954 ||| DROPPING scroll of amnesia.
  1985 | D:4      | 1985 ||| PLANNING OSSUARY
  2077 | D:4      | Noticed a phantom
  2078 | D:4      | 2078 ||| ZAPPING wand of mindburst (16) at 6,-6 (phantom;
                  | floor).
  2079 | D:4      | 2079 ||| ZAPPING wand of mindburst (15) at 5,-5 (phantom;
                  | floor).
  2080 | D:4      | 2080 ||| ZAPPING wand of mindburst (14) at 4,-4 (phantom;
                  | floor).
  2081 | D:4      | 2081 ||| ZAPPING wand of mindburst (13) at 3,-3 (phantom;
                  | floor).
  2082 | D:4      | 2082 ||| ZAPPING wand of mindburst (12) at 2,-2 (phantom;
                  | floor).
  2083 | D:4      | 2083 ||| ZAPPING wand of mindburst (11) at 1,-1 (phantom;
                  | floor).
  2083 | D:4      | Killed a phantom
  2084 | D:4      | Reached skill level 8 in Ranged Weapons
  2084 | D:4      | Reached XP level 5. HP: 29/29 MP: 7/7
  2335 | D:4      | Noticed Edmund
  2336 | D:4      | 2336 ||| ZAPPING wand of mindburst (10) at -5,7 (Edmund;
                  | floor).
  2337 | D:4      | 2337 ||| ZAPPING wand of mindburst (9) at -4,6 (Edmund;
                  | floor).
  2338 | D:4      | 2338 ||| ZAPPING wand of mindburst (8) at -3,5 (Edmund;
                  | floor).
  2339 | D:4      | 2339 ||| ZAPPING wand of mindburst (7) at -2,4 (Edmund;
                  | floor).
  2340 | D:4      | 2340 ||| ZAPPING wand of mindburst (6) at -2,3 (Edmund;
                  | floor).
  2340 | D:4      | Killed Edmund
  2341 | D:4      | Reached skill level 9 in Ranged Weapons
  2341 | D:4      | Reached XP level 6. HP: 34/34 MP: 8/8
  2454 | D:4      | Found a staircase to the Ecumenical Temple.
  2729 | D:4      | 2729 ||| RIP OSSUARY
  2890 | D:4      | 2890 ||| PLANNING TEMPLE
  2891 | D:4      | 2891 ||| READING 3 scrolls labelled VALULA LOHOFF.
  2954 | D:4      | 2954 ||| DROPPING 2 scrolls of torment.
  2996 | Temple   | Entered the Ecumenical Temple
  2997 | Temple   | 2997 ||| PLANNING OKAWARU WORSHIP
  3001 | Temple   | Became a worshipper of Warmaster Okawaru
  3002 | Temple   | 3002 ||| PLANNING D:1-11
  3203 | D:4      | Reached skill level 10 in Ranged Weapons
  3250 | D:5      | Entered Level 5 of the Dungeon
  3406 | D:5      | Found an opulent altar of Gozag.
  3442 | D:5      | Reached skill level 3 in Dodging
  3449 | D:5      | Reached XP level 7. HP: 36/40 MP: 9/9
  3499 | D:5      | 3499 ||| RETREEEEATING.
  3501 | D:5      | 3501 ||| RETREEEEATING.
  3509 | D:5      | Reached skill level 1 in Armour
  3510 | D:5      | 3510 ||| FLEEEEING.
  3511 | D:5      | 3511 ||| FLEEEEING.
  3512 | D:5      | 3512 ||| FLEEEEING.
  3513 | D:5      | 3513 ||| FLEEEEING.
  3514 | D:5      | 3514 ||| FLEEEEING.
  3515 | D:5      | 3515 ||| FLEEEEING.
  3516 | D:5      | 3516 ||| FLEEEEING.
  3517 | D:5      | 3517 ||| FLEEEEING.
  3518 | D:5      | 3518 ||| FLEEEEING.
  3519 | D:5      | 3519 ||| FLEEEEING.
  3520 | D:5      | 3520 ||| FLEEEEING.
  3521 | D:5      | 3521 ||| FLEEEEING.
  3522 | D:5      | 3522 ||| FLEEEEING.
  3578 | D:5      | 3578 ||| FLEEEEING.
  3579 | D:5      | 3579 ||| FLEEEEING.
  3598 | D:5      | Reached * piety under Okawaru
  3771 | D:5      | Reached skill level 11 in Ranged Weapons
  3771 | D:5      | Reached skill level 1 in Invocations
  3857 | D:5      | Found an ornate altar of the Wu Jian Council.
  4297 | D:5      | 4297 ||| READING scroll of identify.
  4297 | D:5      | 4297 ||| IDENTIFYING black potion
  4298 | D:5      | 4298 ||| DROPPING potion of ambrosia.
  4432 | D:6      | Reached skill level 3 in Invocations
  4432 | D:6      | Reached XP level 8. HP: 43/45 MP: 10/12
  4517 | D:6      | Found a snail-covered altar of Cheibriados.
  4542 | D:6      | HP: 5/45 [ogre/+0 giant spiked club (17)]
  4543 | D:6      | 4543 ||| DRINKING potion of heal wounds.
  4716 | D:6      | 4716 ||| RETREEEEATING.
  4719 | D:6      | 4719 ||| RETREEEEATING.
  4721 | D:6      | 4721 ||| RETREEEEATING.
  4722 | D:6      | 4722 ||| RETREEEEATING.
  4723 | D:6      | 4723 ||| RETREEEEATING.
  4724 | D:6      | 4724 ||| RETREEEEATING.
  4725 | D:6      | 4725 ||| RETREEEEATING.
  4729 | D:6      | Reached ** piety under Okawaru
  4730 | D:6      | HP: 8/45 [wight/+0 mace (8)]
  4732 | D:6      | HP: 3/45 [poisoned by a water moccasin]
  4732 | D:6      | Slain by a wight

Levels and vault maps discovered:
D:1:      spicycebolla_arrival_risky_transporter, layout_rooms,
          chequers_serial_rivers_small_a
D:2:      layout_basic
D:3:      layout_loops_ring, led_sif_pool, gammafunk_ghost_stat_death
D:4:      layout_layer_cave, minmay_temple_entry_arrows,
          gup_ossuary_entry_pyramid, serial_bayou_lagoon_b, uniq_edmund
D:5:      layout_basic, kennysheep_little_box, mainiacjoe_overflow_boulevard
D:6:      layout_loops_ring, chei_slow_surprise
Temple:   minmay_freezing_vapour_temple

Skill      XL: |  1  2  3  4  5  6  7  8 |
---------------+-------------------------+-----
Ranged Weapons | 6 7 8 9 10 11 | 11.9
Fighting       | 2 |  2.6
Dodging        | 3 |  3.7
Armour         | 1 |  1.1
Invocations    | 3 4 |  4.1
Stealth        | |  1.2

Action                     |  1- 3 |  4- 6 |  7- 9 || total
---------------------------+-------+-------+-------++-------
   Fire: Shortbow          |    91 |    56 |    67 ||   214
  Evoke: Wand              |       |    11 |       ||    11
    Use: Scroll            |     8 |     7 |     1 ||    16
         Potion            |     2 |       |     1 ||     3
 Armour: Leather armour    |    14 |       |       ||    14
         Ring mail         |     9 |    14 |    36 ||    59
  Dodge: Dodged            |    18 |    13 |    23 ||    54

Table legend:
 A = Non-vault XP
 B = Vault XP
 C = Vault XP percentage of total XP
 D = Non-vault monster count
 E = Vault monster count
 F = Vault count percentage of total count
                 A         B        C        D         E       F
            +---------+---------+-------+---------+---------+-------
      Total |    1686 |     189 |  10.1 |      74 |       2 |   2.6
            +---------+---------+-------+---------+---------+-------
        D:1 |      23 |       0 |   0.0 |      11 |       0 |   0.0
        D:2 |      72 |       0 |   0.0 |      19 |       0 |   0.0
        D:3 |      38 |       0 |   0.0 |       8 |       0 |   0.0
        D:4 |     284 |     189 |  40.0 |      12 |       2 |  14.3
        D:5 |     689 |       0 |   0.0 |      17 |       0 |   0.0
        D:6 |     580 |       0 |   0.0 |       7 |       0 |   0.0
            +---------+---------+-------+---------+---------+-------
